[ AOE2 MATCH · #495756614 ]
UnrankedPoles vs Franks
Player's team · LOSS
Rival team · WIN
[ REPLAY ANALYSIS · EXTRACTED FROM THE RECORDED GAME ]
Feudal
11:06
Castle
21:21
Imperial
—
| APM avg | 18.6 |
| APM peak | 39 |
| eAPM avg | 9.4 |
| Villagers / military | 30 / 12 |
Focus
⚔️ 15.4% · 🌾 84.6%
Spearman ×7 · Scout Cavalry ×5
Feudal
10:37
Castle
14:59
Imperial
—
| APM avg | 23.2 |
| APM peak | 45 |
| eAPM avg | 13.1 |
| Villagers / military | 40 / 5 |
Focus
⚔️ 8.9% · 🌾 91.1%
Knight ×4 · Spearman ×1
Match map
Initial resources + every placement click. Lines = walls · curves = elevation contours. ◆ gold · ⬟ stone · ● berries · ✦ relic · ◌ wall gap
Your base· Open — unwalled flank
Paol0's base· Open — unwalled flank
Smoothed initial terrain · ◌ = detected wall gap · hover for details
Inputs per minute
— jure - - Paol0
Build order — jure
100 actions detected in the replay
| 0:33 | Build | Town Center |
| 2:07 | Queue | Villager (Male) |
| 2:07 | Queue | Villager (Male) |
| 2:12 | Build | House |
| 2:17 | Build | House |
| 2:53 | Queue | Villager (Male) |
| 3:20 | Queue | Villager (Male) |
| 3:43 | Queue | Villager (Male) |
| 4:03 | Queue | Villager (Male) |
| 4:15 | Queue | Villager (Male) |
| 4:28 | Queue | Villager (Male) |
| 4:46 | Queue | Villager (Male) |
| 4:57 | Build | House |
| 4:59 | Build | House |
| 5:48 | Queue | Villager (Male) |
| 6:11 | Build | Mill |
| 6:16 | Queue | Villager (Male) |
| 6:26 | Queue | Villager (Male) |
| 6:49 | Build | Lumber Camp |
| 7:15 | Queue | Villager (Male) |
| 8:01 | Queue | Villager (Male) |
| 8:02 | Research | Loom |
| 8:16 | Build | Barracks |
| 8:56 | Research | Feudal Age |
| 9:37 | Build | Palisade Wall |
| 9:43 | Build | Palisade Wall |
| 10:02 | Queue | Villager (Male) |
| 10:02 | Queue | Villager (Male) |
| 10:36 | Build | Palisade Wall |
| 10:51 | Build | Mining Camp |
| 11:06 | Age | Feudal Age |
| 11:11 | Build | Stable |
| 11:22 | Build | Palisade Gate |
| 11:37 | Queue | Villager (Male) |
| 11:37 | Queue | Villager (Male) |
| 11:53 | Build | House |
| 11:56 | Build | House |
| 12:27 | Queue | Scout Cavalry |
| 12:27 | Queue | Scout Cavalry |
| 12:41 | Build | Farm |
| 12:41 | Build | Farm |
| 12:54 | Queue | Villager (Male) |
| 12:55 | Queue | Villager (Male) |
| 12:58 | Queue | Scout Cavalry |
| 12:58 | Queue | Scout Cavalry |
| 13:11 | Build | Farm |
| 13:21 | Build | Farm |
| 13:41 | Build | Farm |
| 13:46 | Queue | Villager (Male) |
| 13:46 | Queue | Villager (Male) |
| 13:49 | Queue | Scout Cavalry |
| 14:13 | Build | Farm |
| 14:14 | Build | Farm |
| 14:21 | Queue | Villager (Male) |
| 14:22 | Queue | Villager (Male) |
| 14:27 | Build | Farm |
| 14:46 | Research | Bloodlines |
| 14:55 | Build | Blacksmith |
| 15:03 | Build | Farm |
| 15:04 | Build | Farm |
| 15:04 | Build | Farm |
| 15:45 | Queue | Villager (Male) |
| 15:45 | Queue | Villager (Male) |
| 16:01 | Queue | Spearman |
| 16:01 | Queue | Spearman |
| 16:08 | Build | Farm |
| 16:09 | Build | Farm |
| 16:20 | Build | Market |
| 16:53 | Queue | Villager (Male) |
| 16:53 | Queue | Villager (Male) |
| 17:19 | Build | Farm |
| 17:20 | Build | Farm |
| 17:20 | Build | Farm |
| 17:32 | Build | House |
| 17:34 | Build | House |
| 17:44 | Build | Mill |
| 17:49 | Build | Farm |
| 17:49 | Build | Farm |
| 17:49 | Build | Farm |
| 17:50 | Build | Farm |
| 17:50 | Build | Farm |
| 17:51 | Build | Farm |
| 17:59 | Build | Farm |
| 18:41 | Research | Castle Age |
| 18:49 | Build | Farm |
| 18:49 | Build | Farm |
| 18:55 | Queue | Spearman |
| 18:55 | Queue | Spearman |
| 19:02 | Build | House |
| 19:04 | Build | House |
| 19:08 | Research | Scale Mail Armor |
| 19:34 | Queue | Spearman |
| 19:54 | Build | House |
| 20:14 | Research | Double-Bit Axe |
| 20:26 | Queue | Spearman |
| 20:26 | Queue | Spearman |
| 20:36 | Build | Lumber Camp |
| 21:06 | Queue | Villager (Male) |
| 21:07 | Queue | Villager (Male) |
| 21:21 | Age | Castle Age |
Build order — Paol0
80 actions detected in the replay
| 0:33 | Build | Town Center |
| 1:24 | Build | House |
| 1:42 | Build | House |
| 2:06 | Queue | Villager (Male) |
| 2:09 | Queue | Villager (Male) |
| 2:09 | Queue | Villager (Male) |
| 2:23 | Queue | Villager (Male) |
| 2:41 | Queue | Villager (Male) |
| 4:02 | Build | House |
| 4:14 | Queue | Villager (Male) |
| 4:31 | Build | Mill |
| 4:34 | Queue | Villager (Male) |
| 4:47 | Queue | Villager (Male) |
| 5:00 | Queue | Villager (Male) |
| 5:31 | Queue | Villager (Male) |
| 6:07 | Queue | Villager (Male) |
| 6:30 | Queue | Villager (Male) |
| 7:00 | Build | Lumber Camp |
| 7:23 | Queue | Villager (Male) |
| 7:23 | Queue | Villager (Male) |
| 7:59 | Build | Mining Camp |
| 8:02 | Research | Loom |
| 8:07 | Research | Feudal Age |
| 8:40 | Build | House |
| 10:37 | Age | Feudal Age |
| 10:40 | Queue | Villager (Male) |
| 10:40 | Queue | Villager (Male) |
| 10:50 | Build | Market |
| 10:53 | Build | Blacksmith |
| 10:59 | Queue | Villager (Male) |
| 11:34 | Build | Farm |
| 11:37 | Build | Farm |
| 12:19 | Research | Castle Age |
| 12:46 | Build | Barracks |
| 12:49 | Build | House |
| 13:00 | Research | Forging |
| 13:12 | Build | House |
| 13:22 | Build | Palisade Wall |
| 14:12 | Build | Stable |
| 14:27 | Queue | Villager (Male) |
| 14:27 | Queue | Villager (Male) |
| 14:33 | Research | Gold Mining |
| 14:59 | Age | Castle Age |
| 15:10 | Queue | Knight |
| 15:46 | Queue | Knight |
| 15:47 | Queue | Villager (Male) |
| 16:02 | Build | Town Center |
| 16:30 | Queue | Knight |
| 17:00 | Queue | Villager (Male) |
| 17:26 | Queue | Spearman |
| 17:28 | Queue | Villager (Male) |
| 17:40 | Queue | Villager (Male) |
| 17:58 | Build | Town Center |
| 18:03 | Queue | Villager (Male) |
| 18:04 | Queue | Villager (Male) |
| 18:15 | Build | Palisade Gate |
| 18:18 | Build | House |
| 18:51 | Queue | Villager (Male) |
| 18:56 | Queue | Villager (Male) |
| 18:57 | Queue | Villager (Male) |
| 19:29 | Queue | Villager (Male) |
| 19:29 | Queue | Villager (Male) |
| 19:33 | Build | Farm |
| 19:34 | Build | Farm |
| 19:50 | Queue | Villager (Male) |
| 19:51 | Queue | Villager (Male) |
| 19:56 | Queue | Villager (Male) |
| 19:56 | Queue | Villager (Male) |
| 20:01 | Build | Farm |
| 20:01 | Build | Farm |
| 20:01 | Build | Farm |
| 20:01 | Build | Farm |
| 20:23 | Queue | Villager (Male) |
| 20:23 | Queue | Villager (Male) |
| 20:30 | Build | Farm |
| 21:06 | Queue | Villager (Male) |
| 21:06 | Queue | Villager (Male) |
| 21:07 | Queue | Villager (Male) |
| 21:23 | Queue | Villager (Male) |
| 21:24 | Queue | Knight |
Match timeline
| 8:16 | jure · first_building Barracks |
| 9:37 | jure · wall_segment Palisade Wall x5 |
| 9:43 | jure · wall_segment Palisade Wall x1 |
| 10:36 | jure · wall_segment Palisade Wall x13 |
| 10:37 | Paol0 · age_up feudal |
| 11:06 | jure · age_up feudal |
| 11:11 | jure · first_building Stable |
| 12:46 | Paol0 · first_building Barracks |
| 13:22 | Paol0 · wall_segment Palisade Wall x1 |
| 14:12 | Paol0 · first_building Stable |
| 14:59 | Paol0 · age_up castle |
| 18:03 | Paol0 · first_market_buy 100 food |
| 21:21 | jure · age_up castle |
| 21:45 | jure · resign |
[ AI ANALYSIS · 1 CREDIT ]
What really happened in this match?
Wolo.gg analyzes every decision: build order, eco, micro, common mistakes by bracket. Personalized analysis on WhatsApp or Discord in 30 seconds.
Civ guide
Poles
Perfil
Jugador #17554096